 Dungeon Crawl Stone Soup version 0.25.1-2-g60ff931df9 (webtiles) character file.

Game seed: 17749363348085832877

26957 funkygono the Basher (level 13, -4/104 HPs)
             Began as a Formicid Fighter on Dec 2, 2020.
             Was a High Priest of Okawaru.
             Slain by a spriggan rider
             ... wielding a +0 spear
              (8 damage)
             ... on level 6 of the Lair of Beasts.
             The game lasted 00:38:12 (17520 turns).

funkygono the Basher (Formicid Fighter)            Turns: 17520, Time: 00:38:13

Health: -4/104     AC: 25    Str: 24    XL:     13   Next: 62%
Magic:  9/15       EV: 20    Int:  8    God:    Okawaru [*****.]
Gold:   1157       SH:  0    Dex: 12    Spells: 12/12 levels left

rFire    + . .     SeeInvis +   h - +5 dire flail (freeze)
rCold    + . .     Gourm    .   c - +2 kite shield
rNeg     + . .     Faith    .   v - +0 plate armour
rPois    +         Spirit   .   (helmet unavailable)
rElec    .         Reflect  .   x - +2 cloak {Stlth+}
rCorr    +         Harm     .   t - +2 pair of gloves
MR       +....                  F - +2 pair of boots "Guychuh" {Dex+2}
Stlth    ..........             b - amulet "Jinla" {Acrobat rPois rF+ rC+ Str-2}
HPRegen  0.27/turn              n - ring of positive energy
MPRegen  0.14/turn              H - ring of resist corrosion

@: finesse, petrifying (expiring), frozen, acrobat, very slow
A: permanent stasis, dig shafts and tunnels, four strong arms, antennae 3
a: Dig, Shaft Self, Heroism, Finesse, Renounce Religion


You were on level 6 of the Lair of Beasts.
You worshipped Okawaru.
Okawaru was extremely pleased with you.
You were not hungry.

You visited 2 branches of the dungeon, and saw 15 of its levels.

You collected 1157 gold pieces.

Inventory:

Hand Weapons
 h - a +5 dire flail of freezing (weapon)
Missiles
 p - 168 sling bullets
Armour
 c - a +2 kite shield (worn)
 l - a scarf of harm
 t - a +2 pair of gloves (worn)
 v - a +0 plate armour (worn)
 x - a +2 cloak of stealth (worn)
 F - the +2 pair of boots "Guychuh" (worn) {Dex+2}
   (You found it on level 8 of the Dungeon)

   It affects your dexterity (+2).
Jewellery
 b - the amulet "Jinla" (around neck) {Acrobat rPois rF+ rC+ Str-2}
   (You found it on level 1 of the Lair of Beasts)

   [amulet of the acrobat]

   It helps you evade while moving and waiting.
   It affects your strength (-2).
   It protects you from fire.
   It protects you from cold.
   It protects you from poison.
 e - an uncursed ring of fire
 n - a ring of positive energy (left hand)
 H - a ring of resist corrosion (right hand)
 J - an uncursed ring of ice
 M - an uncursed amulet of guardian spirit
Wands
 C - a wand of random effects (38)
 E - a wand of flame (23)
 G - a wand of clouds (2)
 Q - a wand of paralysis (13)
 R - a wand of digging (4)
 S - a wand of disintegration (19)
Scrolls
 i - 5 scrolls of amnesia
 q - 8 scrolls of remove curse
 r - a scroll of fear
 w - 5 scrolls of magic mapping
 B - 2 scrolls of identify
Potions
 a - a potion of lignification
 d - 6 potions of might
 g - a potion of flight
 s - 2 potions of ambrosia
 u - a potion of mutation
 z - 4 potions of curing
 D - 4 potions of stabbing
 O - 2 potions of brilliance
Comestibles
 f - 36 rations
 j - 17 chunks of flesh


   Skills:
 + Level 10.3 Fighting
 + Level 13.6 Maces & Flails
 + Level 10.3 Armour
 + Level 3.7 Dodging
 - Level 3.0 Stealth
 + Level 12.5 Shields
 + Level 3.9 Invocations
 + Level 1.6 Evocations


You had 12 spell levels left.
You didn't know any spells.
Your spell library contained the following spells:

 Spells                   Type           Power        Failure   Level  Hunger
 Freeze                   Ice            #...         99%         1    ##.....
 Frozen Ramparts          Ice            #.....       100%        3    ####...
 Ozocubu's Armour         Chrm/Ice       #.......     100%        3    ####...
 Hailstorm                Conj/Ice       #.......     100%        4    #####..
 Summon Ice Beast         Ice/Summ       #.......     100%        4    #####..


Dungeon Overview and Level Annotations

Branches:
Dungeon (9/15)             Temple (0/1) D:6            Lair (6/6) D:9
  Swamp (0/4) Lair:4       Spider (0/4) Lair:3        Slime (0/5) Lair:5
    Orc: D:9-12

Altars:
Ashenzari
Cheibriados
Elyvilon
Gozag
Okawaru
Ru
Sif Muna
Trog
Uskayaw
Vehumet
Wu Jian
Xom
Yredelemnul
Zin
The Shining One

Shops:
D:4 =   D:5 (}%   D:6 %


Innate Abilities, Weirdness & Mutations

You cannot be hasted, slowed, berserked, paralysed or teleported.
You can dig through walls and to a lower floor.
Your four strong arms can wield two-handed weapons with a shield.
You have a pair of large antennae on your head. (SInv)


Message History

The flash freeze hits you!! You partially resist.
* * * LOW HITPOINT WARNING * * *
You are encased in ice.
The water moccasin is engulfed in a cloud of scalding steam.
The wolf is engulfed in a cloud of scalding steam.
The wolf bites you.
* * * LOW HITPOINT WARNING * * *
The steam dragon bites you but does no damage.
The steam dragon misses you.
The wolf is engulfed in a cloud of scalding steam.
The wolf barely misses you.
The wolf is engulfed in a cloud of scalding steam.
The spiny frog stings you!
* * * LOW HITPOINT WARNING * * *
The basilisk closely misses you. The spriggan rider closely misses you.
A rime drake comes into view.
The wolf bites you but does no damage.
The spriggan rider is engulfed in a cloud of scalding steam.
The spriggan rider hits you from afar with a +0 spear!
You die...

#.......#.........#
#.................#
#...P.D...........#
#....k...........†#
#.....h...........###
#...§§D.l...=....)...
#..khiihg......#...#.
#..hhhh.k.......##...
#.Sl@Fi.D.†††..##....
###########....DYl.....†.......
...............§Sk..........lth
.......k....<..§§§.............
#..............................
#.P....÷÷÷k...............{.h#.
.........÷....................{
..........<÷...D.............h.
..............................$


You could see a seven-headed hydra (summoned), 2 spriggan riders, 2 komodo
dragons, a spiny frog, a basilisk, 5 rime drakes, 3 steam dragons, 2 water
moccasins, a spriggan, 7 wolves, a dream sheep and a boggart (invisible).

Vanquished Creatures
  4 hydras
  A catoblepas (Lair:3)
  4 oklob plants (Lair:5)
  A cyclops (D:9)
  4 black mambas
  8 spiny frogs
  Psyche (D:8)
  3 rime drakes
  A komodo dragon (Lair:6)
  2 polar bears
  9 blink frogs
  8 hippogriffs
  7 dream sheep (Lair:1)
  A spriggan (Lair:6)
  17 yaks
  A human (D:9)
  A wyvern (Lair:6)
  3 basilisks
  Grum (D:9)
  Menkaure (D:7)
  An acid dragon (D:9)
  10 water moccasins
  10 porcupines
  2 ice beasts
  An orc warrior (D:8)
  A black bear (D:9)
  A necrophage (D:6)
  A phantom (D:8)
  2 sky beasts
  8 wolves
  4 boggarts (Lair:4)
  2 ogres
  3 centaurs
  A big kobold (D:9)
  11 crocodiles
  Blork the orc (D:5)
  12 bullfrogs
  3 scorpions
  6 killer bees (D:9)
  9 wights
  An electric eel (Lair:1)
  A howler monkey (D:6)
  3 crimson imps
  A quasit (D:7)
  5 hounds
  5 jellies
  8 orc priests
  A centaur skeleton (D:4)
  A bullfrog skeleton (D:4)
  4 gnoll shamans (D:5)
  2 iguanas
  Ijyb (D:5)
  Natasha (D:2)
  7 orc wizards
  4 worker ants
  A statue (D:5)
  2 hound zombies
  A hound skeleton (D:4)
  A worker ant zombie (D:8)
  40 gnolls
  7 adders
  A howler monkey skeleton (D:4)
  A shadow imp (D:9)
  5 oozes
  3 worms
  4 dart slugs
  4 leopard geckos
  31 orcs
  3 bats
  9 giant cockroaches
  5 goblins
  4 hobgoblins
  22 jackals
  10 kobolds
  6 quokkas
  2 ball pythons
  2 frilled lizards
  4 rats
  7 bushes (D:9)
  4 fungi (D:9)
  19 plants
410 creatures vanquished.

Vanquished Creatures (others)
  A spiny frog (Lair:5)
  2 blink frogs (Lair:5)
  12 fungi
  6 plants
21 creatures vanquished.

Grand Total: 431 creatures vanquished

Notes
Turn   | Place    | Note
-------+----------+-------------------------------------------
     0 | D:1      | funkygono the Formicid Fighter began the quest for the Orb.
     0 | D:1      | Reached XP level 1. HP: 18/18 MP: 1/1
    23 | D:1      | Reached XP level 2. HP: 12/24 MP: 2/2
   617 | D:1      | Reached XP level 3. HP: 29/29 MP: 3/3
   874 | D:2      | Reached skill level 3 in Maces & Flails
  1004 | D:2      | Reached XP level 4. HP: 36/36 MP: 4/4
  1163 | D:2      | Found an opulent altar of Gozag.
  1394 | D:2      | Noticed Natasha
  1401 | D:2      | Killed Natasha
  1510 | D:2      | Reached XP level 5. HP: 40/42 MP: 5/5
  1955 | D:3      | Reached skill level 4 in Maces & Flails
  2047 | D:3      | Reached XP level 6. HP: 24/48 MP: 6/6
  2305 | D:3      | Found a shattered altar of Ashenzari.
  2370 | D:3      | Found a snail-covered altar of Cheibriados.
  3134 | D:4      | Reached skill level 5 in Maces & Flails
  3189 | D:4      | Reached XP level 7. HP: 52/55 MP: 7/7
  3246 | D:4      | Reached skill level 5 in Fighting
  3362 | D:4      | Found a sacrificial altar of Ru.
  3437 | D:4      | Found Dojumod's Jewellery Boutique.
  3678 | D:4      | Reached skill level 5 in Shields
  3927 | D:5      | Entered Level 5 of the Dungeon
  3938 | D:5      | Found Ponafe's Gadget Shop.
  3972 | D:5      | Found an iron altar of Okawaru.
  3972 | D:5      | Found a glowing golden altar of the Shining One.
  3977 | D:5      | Found a bloodstained altar of Trog.
  3980 | D:5      | Became a worshipper of Warmaster Okawaru
  3983 | D:5      | Found a glowing silver altar of Zin.
  3985 | D:5      | Found a faded altar of an unknown god.
  4196 | D:5      | Found a radiant altar of Vehumet.
  4236 | D:5      | Found Xamnots's Jewellery Shop.
  4381 | D:5      | Reached XP level 8. HP: 62/62 MP: 8/8
  4392 | D:5      | Found a sacrificial altar of Ru.
  4494 | D:5      | Reached skill level 1 in Dodging
  4506 | D:5      | Found Lice's Food Shoppe.
  4645 | D:5      | Noticed Blork the orc
  4659 | D:5      | Killed Blork the orc
  5177 | D:5      | Found Bientaxe's Antique Weapon Shop.
  5213 | D:5      | Reached skill level 6 in Maces & Flails
  5479 | D:5      | Reached skill level 5 in Armour
  5790 | D:5      | Reached skill level 1 in Stealth
  5833 | D:5      | Reached * piety under Okawaru
  5933 | D:5      | Noticed Ijyb
  5963 | D:5      | Killed Ijyb
  6408 | D:6      | Reached XP level 9. HP: 66/69 MP: 9/9
  6447 | D:6      | Found a shimmering altar of Xom.
  6476 | D:6      | Found a staircase to the Ecumenical Temple.
  6557 | D:6      | Found Waxol's Food Shop.
  6707 | D:6      | Found a basalt altar of Yredelemnul.
  6726 | D:6      | Reached skill level 7 in Maces & Flails
  6818 | D:6      | Reached skill level 1 in Invocations
  7046 | D:6      | Found a hide-covered altar of Uskayaw.
  7929 | D:7      | Reached skill level 8 in Maces & Flails
  7999 | D:7      | Noticed Menkaure
  8006 | D:7      | Killed Menkaure
  8006 | D:7      | Reached ** piety under Okawaru
  8197 | D:7      | Found an opulent altar of Gozag.
  8198 | D:7      | Found a white marble altar of Elyvilon.
  8198 | D:7      | Found a shimmering blue altar of Sif Muna.
  8384 | D:8      | Noticed Psyche
  8402 | D:8      | Killed Psyche
  8538 | D:8      | Reached XP level 10. HP: 71/77 MP: 8/11
  8644 | D:8      | Got a pair of ancient boots
  8650 | D:8      | Identified the +2 pair of boots "Guychuh" {Dex+2} (You
                  | found it on level 8 of the Dungeon)
  8716 | D:8      | Reached *** piety under Okawaru
  8716 | D:8      | Reached skill level 9 in Maces & Flails
  9209 | D:9      | Found an ornate altar of the Wu Jian Council.
  9463 | D:9      | Reached skill level 10 in Maces & Flails
  9531 | D:9      | Noticed a cyclops
  9539 | D:9      | Killed a cyclops
  9539 | D:9      | Reached **** piety under Okawaru
  9741 | D:9      | Reached XP level 11. HP: 66/84 MP: 12/12
  9971 | D:9      | Found a staircase to the Lair.
 10059 | D:9      | Noticed Grum
 10075 | D:9      | Killed Grum
 10491 | D:9      | Found a shattered altar of Ashenzari.
 10592 | D:9      | Reached skill level 10 in Shields
 11423 | Lair:1   | Entered Level 1 of the Lair of Beasts
 11428 | Lair:1   | Reached skill level 1 in Evocations
 11433 | Lair:1   | Reached skill level 11 in Maces & Flails
 11447 | Lair:1   | Reached ***** piety under Okawaru
 11640 | Lair:1   | Got a clouded golden amulet
 11641 | Lair:1   | Identified the amulet "Jinla" {Acrobat rPois rF+ rC+ Str-2}
                  | (You found it on level 1 of the Lair of Beasts)
 12502 | Lair:1   | Received a gift from Okawaru
 12502 | Lair:1   | Reached XP level 12. HP: 93/94 MP: 14/14
 12882 | Lair:2   | Noticed a five-headed hydra
 12891 | Lair:2   | Killed a five-headed hydra
 13343 | Lair:2   | Reached skill level 12 in Maces & Flails
 13978 | Lair:3   | Noticed a five-headed hydra
 13986 | Lair:3   | Killed a five-headed hydra
 14165 | Lair:3   | Found a hole to the Spider Nest.
 14537 | Lair:3   | Noticed a catoblepas
 14546 | Lair:3   | Killed a catoblepas
 15155 | Lair:4   | Found a staircase to the Swamp.
 15745 | Lair:5   | Found a staircase to the Slime Pits.
 15949 | Lair:5   | Received a gift from Okawaru
 16105 | Lair:5   | Reached XP level 13. HP: 94/102 MP: 15/15
 16248 | Lair:5   | Reached skill level 13 in Maces & Flails
 16281 | Lair:5   | HP: 5/103 [acid (4)]
 16778 | Lair:5   | Reached skill level 10 in Armour
 17235 | Lair:6   | Entered Level 6 of the Lair of Beasts
 17235 | Lair:6   | Noticed a six-headed hydra
 17241 | Lair:6   | Killed a six-headed hydra
 17241 | Lair:6   | Reached skill level 10 in Fighting
 17442 | Lair:6   | Noticed a four-headed hydra
 17456 | Lair:6   | Killed a four-headed hydra
 17493 | Lair:6   | Noticed a seven-headed hydra
 17512 | Lair:6   | Noticed a fire dragon
 17520 | Lair:6   | HP: 4/104 [spiny frog (7)]
 17520 | Lair:6   | Slain by a spriggan rider

Illustrated notes

Levels and vault maps discovered:
D:1:      mushboom_english_gardens, layout_loops_ring
D:2:      minmay_spotlight, layout_loops_ring,
          nicolae_gozag_cash_rules_everything_around_me, uniq_natasha
D:3:      layout_rooms, cheibrodos_ashenzari_chains, kennysheep_slug_shrine
D:4:      kennysheep_spiral_hall, layout_basic, old_standard_altar,
          serial_shops, nicolae_shop_temple_entry_statues_fountains,
          serial_rivers, chequers_serial_rivers_room_a,
          chequers_serial_rivers_small_b, chequers_serial_rivers_small_b,
          chequers_serial_rivers_small_b, chequers_serial_rivers_micro_b,
          first_ration
D:5:      lemuel_castle_with_subvaults [lemuel_castle_interior_carwin_3],
          layout_loops_ring, vehumet_statue,
          chequers_temple_overflow_minitemple, serial_shops,
          nicolae_shop_temple_entry_statues_fountains, shop, shop, shop,
          st_stairs_12, nicolae_ru_awakened_eye, uniq_blork_the_orc, uniq_ijyb
D:6:      layout_gridville, xom_teletrap_fun, lemuel_round_altar,
          overflow_temple_1_default, minmay_temple_entry_butterflies,
          serial_shops, shop
D:7:      layout_basic, minitemple, uniq_menkaure
D:8:      layout_rooms, uniq_psyche
D:9:      hangedman_cross_stitches, layout_long_grid,
          nicolae_overflow_crystal_walls, minmay_lair_entry_grove, basic_altar,
          grunt_pizzeria, uniq_grum
Lair:1:   layout_cave_pods, nicolae_volcano_entry_hallway, serial_bayou_shore_b,
          serial_bayou_shore_a, grunt_megastairs_3
Lair:2:   layout_regular_city, st_stairs_5
Lair:3:   layout_hall_layers, dummy_spider_entry
Lair:4:   layout_long_grid, swamp_mist_pool, kilobyte_rumbling_trees,
          lemuel_fruit_fields
Lair:5:   layout_roguey, nicolae_slime_entry_slimehenge,
          minmay_lair_oklob_chamber, grunt_megastairs_1,
          infiniplex_staircase_pool, lemuel_fruit_tree
Lair:6:   minmay_lair_end_enchanted_forest, layout_hall_layers,
          bobbens_dragon_lair_wall

Skill      XL: |  1  2  3  4  5  6  7  8  9 10 11 12 13 |
---------------+----------------------------------------+-----
Maces & Flails | 3 4 5 6 8 10 11 12 13 | 13.6
Shields        | 4 5 6 8 9 10 11 12 | 12.5
Armour         | 4 5 6 8 9 10 | 10.3
Fighting       | 4 5 6 7 8 9 10 | 10.3
Dodging        | 1 2 3 |  3.7
Stealth        | 1 2 3 |  3.0
Invocations    | 1 2 3 |  3.9
Evocations     | 1 |  1.6

Action                   |  1- 3 |  4- 6 |  7- 9 | 10-12 | 13-15 || total
-------------------------+-------+-------+-------+-------+-------++-------
Melee: Flail             |    70 |   178 |   451 |       |       ||   699
       Dire flail        |       |       |    46 |   703 |   157 ||   906
Throw: Dart              |       |       |       |     1 |       ||     1
Invok: Heroism           |       |       |     7 |    25 |     5 ||    37
       Finesse           |       |       |       |       |     3 ||     3
 Abil: Dig               |       |       |       |       |     1 ||     1
Evoke: Wand              |       |     4 |     2 |     7 |     3 ||    16
       Phantom mirror    |       |       |       |       |     1 ||     1
  Use: Scroll            |     5 |     6 |     6 |    13 |     3 ||    33
       Potion            |       |       |       |       |     3 ||     3
 Stab: Invisible         |       |       |     2 |       |       ||     2
       Confused          |       |       |       |     3 |       ||     3
       Distracted        |       |       |       |       |     1 ||     1
  Eat: Chunk             |       |     7 |    15 |    21 |     1 ||    44
       Ration            |       |       |     1 |     1 |     1 ||     3
Armor: Scale mail        |    24 |    67 |   125 |       |       ||   216
       Chain mail        |       |       |    28 |   158 |       ||   186
       Plate armour      |       |       |       |       |   101 ||   101
Dodge: Dodged            |    21 |    54 |   144 |   144 |   114 ||   477
Block: Kite shield       |    33 |   103 |   266 |   352 |   142 ||   896
